 Dungeon Crawl Stone Soup version 0.30.1-3-gfc49f6343a (webtiles) character file.

Game seed: 16261804604890845332

12513 Heoruswealwe the Protected (level 11, -9/97 HPs)
             Began as a Demigod Fighter on July 30, 2023.
             Mangled by a water elemental (14 damage)
             ... on level 11 of the Dungeon.
             The game lasted 01:32:35 (10349 turns).

Heoruswealwe the Protected (Demigod Fighter)       Turns: 10349, Time: 01:32:35

Health: -9/97      AC: 18    Str: 29    XL:     11   Next: 37%
Magic:  14/14      EV:  7    Int: 10    God:
Gold:   856        SH: 11    Dex: 13    Spells: 10/10 levels left

rFire   + . .        a - +0 broad axe (venom)
rCold   + . .        d - +0 kite shield
rNeg    . . .        c - +0 plate armour
rPois   +            (no helmet)
rElec   +            h - +0 cloak
rCorr   +            f - +0 pair of gloves
SInv    .            e - +0 pair of boots
Will    +....        i - amulet of regeneration Stlth
                     k - ring of flight
HPRegen 1.16/turn    (no ring)
MPRegen 0.14/turn

%: no passive effects
@: resistant, engulfed (cannot breathe), flying
A: high MP 1, forlorn, divine attributes, sense surroundings 1
a: no special abilities


You were on level 11 of the Dungeon.
You visited 2 branches of the dungeon, and saw 12 of its levels.

You collected 971 gold pieces.
You spent 115 gold pieces at shops.

Inventory:

Hand Weapons
 a - a +0 broad axe of venom (weapon)
 F - the +4 flail of Corporal Punishment {venom, Dex+5}
   (You found it on level 6 of the Dungeon)

   Dex:       It affects your dexterity (+5).
Armour
 c - a +0 plate armour (worn)
 d - a +0 kite shield (worn)
 e - a +0 pair of boots (worn)
 f - a +0 pair of gloves (worn)
 h - a +0 cloak (worn)
 m - the +6 leather armour "Risurpholl" {Slay+3}
   (You found it on level 4 of the Dungeon)

   Slay:      It affects your accuracy & damage with ranged weapons and melee
   (+3).
Jewellery
 i - an amulet of regeneration (around neck)
 k - a ring of flight (left hand)
Wands
 g - a wand of flame (29)
 u - a wand of paralysis (7)
 y - a wand of light (8)
 E - a wand of roots (9)
Scrolls
 b - a scroll of fog
 j - 3 scrolls of poison
 n - 3 scrolls of amnesia
 o - 3 scrolls of magic mapping
 q - 4 scrolls of teleportation
 s - 2 scrolls of immolation
 w - a scroll of fear
 x - a scroll of identify
 z - a scroll of blinking
Potions
 p - a potion of brilliance
 r - 2 potions of might
 v - 3 potions of haste


   Skills:
 + Level 9.1 Fighting
 + Level 8.9 Axes
 + Level 9.2 Armour
 + Level 9.1 Shields


You had 10 spell levels left.
You didn't know any spells.
Your spell library contained the following spells:

 Spells                   Type           Power      Damage    Failure   Level
 Call Canine Familiar     Summ           0%         N/A       100%        3
 Ozocubu's Armour         Ice            0%         N/A       100%        3
 Portal Projectile        Hex/Tloc       0%         N/A       100%        3
 Leda's Liquefaction      Hex/Erth       0%         N/A       100%        4
 Metabolic Englaciation   Hex/Ice        0%         N/A       100%        5
 Simulacrum               Ice/Necr       0%         N/A       100%        6


Dungeon Overview and Level Annotations

Branches:
Dungeon (11/15)            Temple (1/1) D:7            Lair (0/5) D:9
    Orc (0/2) D:9

Shops:
D:2 (   D:4 *   D:10 :   D:11 =


Innate Abilities, Weirdness & Mutations

You have an increased reservoir of magic. (+10% MP)
You shall have no god before yourself.
Your divine heritage dramatically boosts your attributes as you level up.
You passively map a small area around you.


Message History

You hit the cyclops.
The cyclops looks as sick as possible!
Your lungs strain for air!
The water elemental hits you. You block the cyclops's attack.
You hit the water elemental.
The water elemental is lightly damaged.
You hit the cyclops but do no damage.
The cyclops looks as sick as possible!
Your lungs strain for air!
The water elemental hits you. The cyclops hits you!
* * * LOW HITPOINT WARNING * * *
You barely miss the water elemental.
The water elemental is lightly damaged.
You slash the cyclops!
You kill the cyclops!
* * * LOW HITPOINT WARNING * * *
Your lungs strain for air!
The water elemental closely misses you.
The electric eel shoots out a bolt of lightning at you!
The bolt of electricity hits the water elemental.
The water elemental resists.
The bolt of electricity hits you.
* * * LOW HITPOINT WARNING * * *
You feel protected.
* * * LOW HITPOINT WARNING * * *
Your lungs strain for air!
The water elemental hits you.
* * * LOW HITPOINT WARNING * * *
The electric eel shoots out a bolt of lightning at you!
The bolt of electricity hits the water elemental.
The water elemental resists.
The bolt of electricity hits you. You resist.
* * * LOW HITPOINT WARNING * * *
You feel better.
* * * LOW HITPOINT WARNING * * *
Your lungs strain for air!
The water elemental hits you.
* * * LOW HITPOINT WARNING * * *
You cannot read scrolls while unable to breathe!
You feel better.
* * * LOW HITPOINT WARNING * * *
Your lungs strain for air!
The water elemental hits you!
You die...

, #).. ###.+ *
##..#+#...## , ,*
#...#...⌠..# , .,####
##...##.⌠∩⌠.##### ,,
*,,..#...
#.....#..⌠...#... ,
......##.....##...#'#...
,
....?.........'.###.....
, ,
.........$....###.......
,
......(@..........>.....
,
..†....E................
, ,
........................
, ,
........................
..........~♣♣...........
,,
.........♣♣P♣~..........
........S♣ ~~~♣♣.......)
......~~~♣


PP~ ♣....... , * P....... You could see a water elemental and an electric eel.

Vanquished Creatures
  4 two-headed ogres
  A boulder beetle (D:11)
  Pikel (D:7)
  3 cyclopes
  3 trolls
  3 shadows
  9 yaks
  A wyvern (D:10)
  2 steam dragons (D:7)
  4 vampire mosquitoes (D:10)
  An acid dragon (D:8)
  3 water moccasins (D:7)
  An orc warrior (D:9)
  2 ice beasts
  2 black bears
  5 ogres
  5 centaurs
  3 phantoms
  3 kobold brigands
  5 bullfrogs
  8 scorpions
  The ghost of Tyszek the Chopper, a weakling MiMo (D:3)
  A killer bee (D:7)
  5 howler monkeys
  5 electric eels (D:10)
  A jelly (D:7)
  3 gnoll boudas
  3 hounds
  9 orc priests
  6 iguanas
  A sleepcap (D:6)
  14 orc wizards
  12 gnolls
  9 adders
  3 white imps
  2 ufetubi
  3 worms
  4 dart slugs
  34 orcs
  6 ball pythons
  9 bats
  9 endoplasms
  4 giant cockroaches
  7 goblins
  5 hobgoblins
  7 jackals
  7 quokkas
  4 frilled lizards
  20 kobolds
263 creatures vanquished.

Vanquished Creatures (others)
  An adder (D:4)
1 creature vanquished.

Grand Total: 264 creatures vanquished

Notes
Turn   | Place    | Note
-------+----------+-------------------------------------------
     0 | D:1      | Heoruswealwe the Demigod Fighter began the quest for the
                  | Orb.
     0 | D:1      | Reached XP level 1. HP: 18/18 MP: 3/3
   318 | D:1      | Reached XP level 2. HP: 23/25 MP: 4/4
   720 | D:2      | Reached XP level 3. HP: 31/31 MP: 5/5
  1296 | D:2      | Found Zeweji's Antique Weapon Emporium.
  1900 | D:3      | Found a runed translucent door.
  1900 | D:3      | Noticed Tyszek's ghost (weakling MiMo)
  1982 | D:3      | Reached XP level 4. HP: 38/38 MP: 6/6
  2376 | D:3      | Killed Tyszek's ghost
  2557 | D:4      | Reached XP level 5. HP: 45/45 MP: 7/7
  2616 | D:4      | Identified the +6 leather armour "Risurpholl" {Slay+3}
  2718 | D:4      | Found Wurchut's General Store.
  2723 | D:4      | Bought a scroll of blinking for 82 gold pieces
  2723 | D:4      | Bought a potion of curing for 33 gold pieces
  3322 | D:5      | Entered Level 5 of the Dungeon
  3333 | D:5      | Reached XP level 6. HP: 42/52 MP: 8/8
  3934 | D:5      | Reached XP level 7. HP: 50/60 MP: 9/9
  4144 | D:5      | Reached skill level 5 in Fighting
  4144 | D:5      | Reached skill level 5 in Armour
  4144 | D:5      | Reached skill level 5 in Shields
  4350 | D:5      | Reached XP level 8. HP: 59/68 MP: 10/10
  4360 | D:5      | Reached skill level 5 in Axes
  4518 | D:6      | Noticed a troll
  4535 | D:6      | Killed a troll
  4871 | D:6      | Identified the +4 flail of Corporal Punishment {venom,
                  | Dex+5}
  5029 | D:7      | Reached XP level 9. HP: 30/75 MP: 11/11
  5217 | D:7      | Noticed Pikel
  5234 | D:7      | Killed Pikel
  5619 | D:7      | Found a staircase to the Ecumenical Temple.
  5628 | Temple   | Entered the Ecumenical Temple
  6633 | D:8      | Noticed a two-headed ogre
  6640 | D:8      | Killed a two-headed ogre
  6641 | D:8      | Reached XP level 10. HP: 64/86 MP: 13/13
  7614 | D:9      | Noticed a two-headed ogre
  7617 | D:9      | Noticed a two-headed ogre
  7663 | D:9      | Killed a two-headed ogre
  7890 | D:9      | Found a staircase to the Orcish Mines.
  8100 | D:9      | Found a staircase to the Lair.
  8482 | D:8      | You are sucked into a shaft and drop 2 floors!
  8482 | D:10     | Entered Level 10 of the Dungeon
  8519 | D:10     | Noticed a cyclops
  8530 | D:10     | HP: 2/89 [cyclops (21)]
  8531 | D:10     | Killed a cyclops
  9212 | D:9      | Killed a two-headed ogre
  9213 | D:9      | Reached XP level 11. HP: 72/95 MP: 14/14
  9629 | D:10     | Found Qetiynk's Tiny Tomes.
  9714 | D:10     | Noticed an angel
  9999 | D:10     | Gained mutation: You passively map a small area around you.
                  | [potion of mutation]
 10283 | D:11     | Noticed a two-headed ogre
 10293 | D:11     | Killed a two-headed ogre
 10311 | D:11     | Found Womp's Jewellery Shop.
 10323 | D:11     | Noticed a boulder beetle
 10334 | D:11     | Killed a boulder beetle
 10347 | D:11     | HP: 4/97 [electric eel/bolt of electricity (3)]
 10349 | D:11     | Mangled by a water elemental

Illustrated notes

Levels and vault maps discovered:
D:1:      minmay_arrival_solitary_statue, layout_loops_ring
D:2:      layout_loops_corners, shapermc_ecumenical_altar_mp_highgroup,
          serial_shops, shop
D:3:      minmay_bubble_buster, layout_basic, serial_glass, glass_columns_b,
          glass_columns_b, hellmonk_ghost_happy_afterlife
D:4:      layout_loops_ring, mainiacjoe_overflow_paths, serial_shops,
          nicolae_shop_hallway_stairs
D:5:      minmay_polygon_palace, layout_basic, mainiacjoe_overflow_tiny_flanked
D:6:      minmay_flawed_box, layout_cave_pools, general_overflow_altar,
          mainiacjoe_overflow_big_doors
D:7:      layout_basic, mainiacjoe_overflow_alcove_4, minmay_temple_entry_fiery,
          minmay_misc_feat_columns, st_stairs_11, minmay_increasing_density,
          uniq_pikel
D:8:      layout_layer_cave, lemuel_coloured_pillars_altar,
          vehumet_altar_wand_db
D:9:      layout_small_grid, grunt_lair_entry_orc_guard_hut, chequers_arboretum
D:10:     layout_basic, cheibrodos_ashenzari_chains, zin_angel,
          chequers_temple_overflow_minitemple, nrook_pool_corridor,
          nicolae_shop_i_like_small_books_too
D:11:     layout_cross, serial_shops, nicolae_shop_rolling_square, shop, shop,
          serial_bayou_lake_a, uniq_josephine
Temple:   nicolae_temple_ecumenical_triangle

Skill      XL: |  1  2  3  4  5  6  7  8  9 10 11 |
---------------+----------------------------------+-----
Axes           | 2 3 4 5 7 8 |  8.9
Armour         | 3 4 5 6 7 8 9 |  9.2
Fighting       | 3 4 5 6 7 8 9 |  9.1
Shields        | 3 4 5 6 7 8 9 |  9.1

Action                     |  1- 3 |  4- 6 |  7- 9 | 10-12 || total
---------------------------+-------+-------+-------+-------++-------
  Melee: War axe           |   128 |   201 |   144 |       ||   473
         Broad axe         |       |       |   133 |   289 ||   422
    Use: Potion            |       |     3 |     7 |    18 ||    28
         Scroll            |       |       |     4 |     9 ||    13
 Armour: Scale mail        |    76 |       |       |       ||    76
         Chain mail        |     3 |    53 |       |       ||    56
         Leather armour    |       |    59 |   145 |    71 ||   275
         Plate armour      |       |       |       |    92 ||    92
  Dodge: Dodged            |    56 |    84 |   137 |   121 ||   398
  Block: Buckler           |    34 |    49 |    81 |       ||   164
         Kite shield       |       |       |    33 |   185 ||   218
